 Dungeon Crawl Stone Soup version 0.25.1-11-g244df3a29b (webtiles) character file.

Game seed: 16179784058341647125

4440 tkbsonic5 the Fighter (level 10, -3/83 HPs)
             Began as a Merfolk Gladiator on Jan 12, 2023.
             Was an Initiate of Gozag.
             Slain by a freezing wraith (14 damage)
             ... led by a death knight
             ... on level 8 of the Dungeon on Jan 13, 2023.
             The game lasted 00:31:46 (9874 turns).

tkbsonic5 the Fighter (Merfolk Gladiator)           Turns: 9874, Time: 00:31:46

Health: -3/83      AC: 17    Str: 17    XL:     10   Next: 37%
Magic:  19/19      EV: 15    Int:  8    God:    Gozag
Gold:   249        SH:  0    Dex: 18    Spells: 9/9 levels left

rFire    + . .     SeeInvis .   p - +4 mace of the Evil Eye {speed, +Rage rElec rPois MR+}
rCold    . . .     Gourm    .   (no shield)
rNeg     + . .     Faith    .   h - +5 scale mail of Asceticism {rN+ MP+9}
rPois    +         Spirit   .   c - +2 helmet
rElec    +         Reflect  .   (no cloak)
rCorr    +         Harm     .   (no gloves)
MR       +....                  (no boots)
Stlth    ..........             (no amulet)
HPRegen  0.23/turn              t - ring of resist corrosion
MPRegen  0.16/turn              (no ring)

@: gold aura, slowed, very slow
A: change form in water, swift swim, stealthy swim, icy blue scales 1, agile 1,
fire resistance 1
a: Potion Petition, Call Merchant, Bribe Branch, Renounce Religion, Evoke
Berserk Rage


You were on level 8 of the Dungeon.
You worshipped Gozag.
Gozag was aware of your devotion.
You were full.

You visited 1 branch of the dungeon, and saw 9 of its levels.

You collected 1002 gold pieces.
You paid 753 gold pieces to Gozag.

Inventory:

Hand Weapons
 a - a +1 trident
 b - a +3 dagger of chaos
 d - a +0 shortbow
 g - a +0 hand axe of freezing
 i - a +1 hand axe of venom
 n - a +1 dagger of venom
 p - the +4 mace of the Evil Eye (weapon) {speed, +Rage rElec rPois MR+}
   (You found it on level 6 of the Dungeon)

   Attacks with this weapon are significantly faster.
   It insulates you from electricity.
   It protects you from poison.
   It affects your resistance to hostile enchantments.
   It lets you go berserk.
 u - a +1 hunting sling
 w - a +0 dagger of protection
Missiles
 e - 173 arrows
 o - 23 poisoned darts (quivered)
 A - 18 sling bullets
Armour
 c - a +2 helmet (worn)
 h - the +5 scale mail of Asceticism (worn) {rN+ MP+9}
   (You found it on level 8 of the Dungeon)

   It protects you from negative energy.
   It affects your magic capacity (+9).
Jewellery
 t - a ring of resist corrosion (left hand)
Wands
 D - a wand of iceblast (9)
Scrolls
 y - 2 scrolls of fear
Potions
 k - 2 potions of magic
Comestibles
 f - 7 rations


   Skills:
 * Level 9.0 Fighting
 * Level 4.8 Maces & Flails
 - Level 8.6 Polearms
 + Level 2.1(3.4) Slings
 - Level 4.9(5.2) Throwing
 + Level 4.2 Armour
 + Level 8.3 Dodging


You had 9 spell levels left.
You didn't know any spells.
Your spell library contained the following spells:

 Spells                   Type           Power        Failure   Level  Hunger
 Foxfire                  Conj/Fire      #...         80%         1    ##.....
 Conjure Flame            Conj/Fire      #.......     99%         3    ####...
 Inner Flame              Hex/Fire       #.......     99%         3    ####...
 Sticky Flame             Conj/Fire      #.......     100%        4    #####..
 Fireball                 Conj/Fire      #.........   100%        5    ######.


Dungeon Overview and Level Annotations

Branches:
Dungeon (9/15)             Temple (0/1) D:6            Lair (0/6) D:8
    Orc: D:9-12

Altars:
Ashenzari
Elyvilon
Gozag
Hepliaklqana
Kikubaaqudgha
Makhleb
Nemelex Xobeh
Trog
Wu Jian
Xom
Yredelemnul
Beogh

Shops:
D:8 =

Annotations:
D:3 3 runed translucent doors, 2bobheroes's ghost, amateur OpAs; Twinkles's ghost, amateur DrIE
D:7 2 transporters, 1 runed translucent door, Menkaure; bronco's ghost, novice MiMo
D:8 3 runed translucent doors


Innate Abilities, Weirdness & Mutations

You revert to your normal form in water.
You are very nimble and swift while swimming.
You are very stealthy in the water. (Stealth+)
You are partially covered in icy blue scales. (AC +2)
You are agile. (Dex +2)
Your flesh is heat resistant. (rF+)


Message History

The freezing wraith barely misses you. x2; The wraith closely misses you.
You hit the wraith but do no damage.
The wraith is almost destroyed.
The freezing wraith completely misses you.
The freezing wraith closely misses you. The wraith hits you but does no damage.
You sock the wraith!
You destroy the wraith!
Your Fighting skill increases to level 9!
The freezing wraith misses you. The freezing wraith closely misses you.
The freezing wraith hits you. The freezing wraith freezes you!
The freezing wraith barely misses you.
You see here 7 gold pieces.
The freezing wraith hits you! The freezing wraith freezes you!!
* * * LOW HITPOINT WARNING * * *
The freezing wraith completely misses you.
The freezing wraith hits you.
* * * LOW HITPOINT WARNING * * *
The freezing wraith freezes you!
You die...
Your body crumbles into a pile of gold.

#..).# #.###..# #....#
#.# #.## #....### #.#
#.# ##......# #.# #.#
........## #.###.#
#####....# #...#.#
.........########$#.#
..........(......W#.#
................@.#.#
.......P.P........#.#
........_.........#.#
.....#..PP........#.####
.....#.........#..#....#
.....#####.#####..####.#
.....# #.#......# #.#
.....# #.#..###.# #.#
###### #....##..####.#


You could see a freezing wraith.

Vanquished Creatures
  A phantasmal warrior (D:8)
  Psyche (D:8)
  A troll (D:8)
  A yak (D:8)
  A wraith (D:8)
  3 orc warriors (D:8)
  4 black bears
  A necrophage (D:5)
  A phantom (D:4)
  A sky beast (D:8)
  2 ogres
  A centaur (D:8)
  A crocodile (D:8)
  A big kobold (D:8)
  7 bullfrogs
  5 scorpions
  3 howler monkeys (D:8)
  6 crimson imps
  A quasit (D:9)
  2 orc priests
  A gnoll shaman (D:6)
  6 orc wizards
  A bullfrog skeleton (D:6)
  5 iguanas
  2 worker ants (D:6)
  10 gnolls
  11 adders
  A shadow imp (D:5)
  2 adder zombies (D:8)
  3 worms (D:2)
  A dart slug (D:2)
  2 leopard geckos
  22 orcs
  2 ball pythons
  5 giant cockroaches
  5 goblins
  6 hobgoblins
  19 jackals
  5 kobolds
  6 quokkas
  8 bats
  4 frilled lizards
  A leopard gecko skeleton (D:4)
  6 rats
178 creatures vanquished.

Vanquished Creatures (others)
  An orc wizard (D:3)
  6 fungi (D:8)
  4 plants (D:8)
  A withered plant (D:7)
12 creatures vanquished.

Grand Total: 190 creatures vanquished

Notes
Turn   | Place    | Note
-------+----------+-------------------------------------------
     0 | D:1      | tkbsonic5 the Merfolk Gladiator began the quest for the
                  | Orb.
     0 | D:1      | Reached XP level 1. HP: 16/16 MP: 1/1
   117 | D:1      | Reached XP level 2. HP: 20/23 MP: 2/2
   729 | D:1      | Reached XP level 3. HP: 28/28 MP: 3/3
  1003 | D:2      | Reached skill level 5 in Polearms
  1455 | D:2      | Reached skill level 3 in Fighting
  1661 | D:2      | Found a shattered altar of Ashenzari.
  1686 | D:2      | Reached XP level 4. HP: 31/35 MP: 4/4
  2416 | D:3      | Found a runed translucent gate.
  2416 | D:3      | Found a runed translucent gate.
  2418 | D:3      | Found a runed translucent gate.
  2418 | D:3      | Noticed 2bobheroes's ghost (amateur OpAs)
  2418 | D:3      | Noticed Twinkles's ghost (amateur DrIE)
  2578 | D:3      | Found a white marble altar of Elyvilon.
  2899 | D:3      | Reached XP level 5. HP: 35/41 MP: 5/5
  2905 | D:3      | Gained mutation: You are partially covered in icy blue
                  | scales. (AC +2) [potion of mutation]
  2905 | D:3      | Gained mutation: Your flesh is heat resistant. (rF+)
                  | [potion of mutation]
  2905 | D:3      | Gained mutation: You are agile. (Dex +2) [potion of
                  | mutation]
  3246 | D:3      | Found an opulent altar of Gozag.
  3345 | D:3      | Found a roughly hewn altar of Beogh.
  3653 | D:3      | Found a faded altar of an unknown god.
  3655 | D:3      | Became a worshipper of Gozag Ym Sagoz the Greedy
  4249 | D:4      | Reached skill level 4 in Fighting
  4311 | D:4      | Reached XP level 6. HP: 27/48 MP: 6/6
  4499 | D:4      | Reached skill level 5 in Dodging
  4676 | D:4      | You fall into a shaft and drop 1 floor!
  4676 | D:5      | Entered Level 5 of the Dungeon
  4726 | D:5      | Reached skill level 1 in Armour
  4726 | D:5      | Reached XP level 7. HP: 50/55 MP: 7/7
  5139 | D:5      | Reached skill level 5 in Fighting
  5801 | D:6      | Reached XP level 8. HP: 61/62 MP: 8/8
  5916 | D:6      | Found a staircase to the Ecumenical Temple.
  6168 | D:6      | Reached skill level 6 in Fighting
  6495 | D:6      | Got a steaming mace
  6496 | D:6      | Identified the +4 mace of the Evil Eye {speed, +Rage rElec
                  | rPois MR+} (You found it on level 6 of the Dungeon)
  6935 | D:6      | Found a hazy altar of Hepliaklqana.
  7125 | D:6      | Found a burning altar of Makhleb.
  7125 | D:6      | Found a shimmering altar of Xom.
  7133 | D:6      | Reached skill level 1 in Maces & Flails
  7420 | D:7      | Found a transporter.
  7420 | D:7      | Noticed a vampire
  7421 | D:7      | Found a basalt altar of Yredelemnul.
  7462 | D:7      | Found a transporter.
  7480 | D:7      | Found an ancient bone altar of Kikubaaqudgha.
  7482 | D:7      | Noticed Menkaure
  7690 | D:7      | Found an ornate altar of the Wu Jian Council.
  7867 | D:7      | Found a runed translucent door.
  7872 | D:7      | Noticed bronco's ghost (novice MiMo)
  8141 | D:8      | Noticed Psyche
  8146 | D:8      | Reached XP level 9. HP: 63/70 MP: 9/9
  8152 | D:8      | Killed Psyche
  8152 | D:8      | Reached skill level 7 in Fighting
  8163 | D:8      | Found a bloodstained altar of Trog.
  8166 | D:8      | Got a fine scale mail
  8454 | D:8      | Found a runed translucent gate.
  8454 | D:8      | Found a runed translucent gate.
  8455 | D:8      | Noticed a purple ugly thing
  8456 | D:8      | Noticed a cyan very ugly thing
  8457 | D:8      | Noticed a brown ugly thing
  8467 | D:8      | Noticed a brown ugly thing
  8468 | D:8      | Found a runed translucent gate.
  8468 | D:8      | Noticed a green ugly thing
  8468 | D:8      | Noticed a brown ugly thing
  8629 | D:8      | Found a sparkling altar of Nemelex Xobeh.
  8767 | D:8      | Reached skill level 8 in Fighting
  8771 | D:8      | Reached skill level 1 in Slings
  8908 | D:8      | Identified the +5 scale mail of Asceticism {rN+ MP+9} (You
                  | found it on level 8 of the Dungeon)
  9023 | D:8      | Found a staircase to the Lair.
  9230 | D:9      | Noticed a death knight
  9230 | D:9      | Noticed a phantasmal warrior
  9230 | D:9      | Noticed a freezing wraith
  9283 | D:9      | Noticed a troll
  9304 | D:9      | Reached XP level 10. HP: 80/80 MP: 10/10
  9553 | D:8      | Killed a phantasmal warrior
  9871 | D:8      | Reached skill level 9 in Fighting
  9874 | D:8      | Slain by a freezing wraith

Illustrated notes

Levels and vault maps discovered:
D:1:      roderic_chinese_lattice_arrival, layout_loops_ring,
          grunt_decor_one_mirror
D:2:      layout_basic, nicolae_ashenzari_panopticon, minmay_misc_feat_square
D:3:      layout_loops_cross, old_standard_altar, elyvilon_altar_5,
          first_ration, chequers_ecumenical_altar_twisty,
          gammafunk_ghost_cemetery, kennysheep_orc_chapel
D:4:      layout_cave_pools
D:5:      layout_basic
D:6:      old_forge, layout_layer_cave, lemuel_doored_altar,
          grunt_temple_overflow_champion_of_chaos, temple_fountains
D:7:      layout_loops_ring, marbit_many_paths, gammafunk_temple_of_torment,
          gammafunk_ghost_grave
D:8:      layout_basic, trog_ov_bears_minmay, grunt_lair_entry_orc_guard_hut,
          basic_altar, ploomutoo_gammafunk_ghost_potion_laboratory, uniq_psyche
D:9:      layout_cross, kennysheep_little_box, zin_purify, uniq_joseph

Skill      XL: |  1  2  3  4  5  6  7  8  9 10 |
---------------+-------------------------------+-----
Polearms       | 5 6 7 8 |  8.6
Fighting       | 3 4 5 6 8 9 |  9.0
Throwing       | 3 4 |  4.9
Dodging        | 5 6 7 8 |  8.3
Armour         | 1 2 3 4 |  4.2
Maces & Flails | 2 4 |  4.8
Slings         | 1 2 |  2.1

Action                   |  1- 3 |  4- 6 |  7- 9 | 10-12 || total
-------------------------+-------+-------+-------+-------++-------
Melee: Trident           |   124 |   157 |   209 |       ||   490
       Mace              |       |       |   205 |    67 ||   272
       Unarmed           |       |       |     5 |       ||     5
 Fire: Hunting sling     |       |       |     5 |       ||     5
Throw: Throwing net      |       |     7 |       |       ||     7
       Dart              |       |       |    18 |       ||    18
       Boomerang         |       |       |     5 |       ||     5
Invok: Call Merchant     |       |       |     1 |       ||     1
       Potion Petition   |       |       |       |     1 ||     1
 Abil: Evoke Berserk Rag |       |       |     1 |       ||     1
  Use: Scroll            |     3 |     7 |    11 |     1 ||    22
       Potion            |     1 |     6 |       |     3 ||    10
 Stab: Sleeping          |     5 |     3 |       |       ||     8
       Held in net/web   |       |     1 |       |       ||     1
  Eat: Chunk             |     3 |     1 |       |       ||     4
       Ration            |       |     4 |     3 |     2 ||     9
Armor: Leather armour    |    26 |     2 |       |       ||    28
       Scale mail        |       |    21 |    53 |    58 ||   132
       Chain mail        |       |       |   148 |       ||   148
Dodge: Dodged            |    65 |    91 |   220 |    85 ||   461
